Penguins vs Reign

Created - Monday, November 16, 2015 at 01:37

Goals
1 2 3 T
Penguins 1 0 0 1
Reign 3 1 1 5
Shots
1 2 3 T
Penguins 15 15 10 40
Reign 14 8 6 28

1st period

1. Reign , Teuvo Teravainen 4 (Luke Gazdic, Brian McGrattan) at 2:51 (PP)
2. Reign , Cody Beach 1 (C.J. Stretch, Nathan Paetsch) at 3:57
3. Reign , Luke Gazdic 3 (Joe Morrow, Brian McGrattan) at 7:17 (PP)
4. Penguins , Ryan Spooner 5 (FARMPLAYER2, Matt Mangene) at 10:50 (PP)

Penalties :
Drew Bagnall (WBS) for Interference (Minor) at 1:59, Charles Sarault (WBS) for Roughing (Minor) at 7:15, Brian McGrattan (ONT) for Tripping (Minor) at 10:45

2nd period

5. Reign , Matej Stransky 1 (Luke Gazdic, Tom Kostopoulos) at 5:45

Penalties :
Chris Butler (WBS) for Hooking (Minor) at 0:23, Taylor Doherty (ONT) for Holding (Minor) at 3:09, Cody Beach (ONT) for Unsportsmanlike conduct (Minor) at 15:39

3rd period

6. Reign , Joe Morrow 4 (Luke Gazdic, Kevin Bieksa) at 17:54

Penalties :
Drew Bagnall (WBS) for Holding (Minor) at 4:57

Goalie Stats

Martin Brodeur (WBS), 9 saves from 10 shots - (0.900), 34:15 minutes
FARM GOALIE14 (WBS), 14 saves from 18 shots - (0.778), L, 0-6-0, 25:45 minutes
Troy Grosenick (ONT), 39 saves from 40 shots - (0.975), W, 9-5-4, 60:00 minutes

Players Stats for Penguins

Player Name              G  A  P  +/- PIM S  H  SB GA TA FO     MP     PP MP  PK MP  
------------------------------------------------------------------------------------
Adam Clendening          0  0  0  -2  0   8  1  1  2  1  0/0    19:29   1:44   0:25 
Carson McMillan          0  0  0  -1  0   1  0  0  1  1  4/9    12:02   0:01   0:00 
Charles Sarault          0  0  0  -1  2   0  0  1  0  0  4/7    15:21   1:58   0:00 
Chris Butler             0  0  0   0  2   5  2  2  0  0  0/0    25:24   2:19   2:30 
Danny Biega              0  0  0  -2  0   6  5  1  2  1  0/0    26:17   1:44   0:25 
Drew Bagnall             0  0  0  -2  4   0  1  2  0  1  0/0    18:01   0:00   1:57 
Dustin Gazley            0  0  0  -1  0   2  1  0  1  1  0/1    12:02   0:01   0:00 
FARM PLAYER30            0  0  0   0  0   0  0  1  0  0  0/0     6:34   0:00   0:38 
FARMPLAYER2              0  1  1   0  0   5  3  1  3  0  0/0    19:07   2:04   3:42 
Garrett Meurs            0  0  0  -1  0   0  0  0  0  1  0/0    11:03   0:00   0:00 
Jason Gregoire           0  0  0  -1  0   0  0  1  2  1  0/2    12:29   0:00   0:38 
Justin Vaive             0  0  0  -1  0   2  2  0  3  0  0/1    12:30   0:00   0:32 
Matt Mangene             0  1  1   0  0   0  0  0  0  0  1/1    15:57   2:05   0:00 
Philippe Cornet          0  0  0  -1  0   1  2  0  0  1  0/0    16:22   1:58   0:32 
Ryan Olsen               0  0  0  -1  0   0  1  0  0  0  1/3    11:03   0:00   0:00 
Ryan Spooner             1  0  1   0  0   2  0  0  6  0  7/17   19:07   2:04   3:42 
Trevor Parkes            0  0  0  -1  0   1  0  0  0  0  0/0    15:22   1:58   0:00 
Xavier Ouellet           0  0  0   0  0   7  1  2  3  3  0/0    26:54   2:19   4:27 

Players Stats for Reign

Player Name              G  A  P  +/- PIM S  H  SB GA TA FO     MP     PP MP  PK MP  
------------------------------------------------------------------------------------
Brett Olson              0  0  0   0  0   1  1  0  1  0  7/9    17:31   2:38   0:01 
Brian McGrattan          0  2  2   1  2   0  2  1  0  0  1/3    23:02   1:44   2:30 
C.J. Stretch             0  1  1   1  0   5  1  1  1  1  3/8    17:24   0:00   1:26 
Cody Beach               1  0  1   1  2   1  1  0  0  1  1/1    16:28   0:00   0:01 
Derek Forbort            0  0  0   1  0   4  1  2  1  2  0/0    23:12   2:39   1:29 
Evan Oberg               0  0  0   0  0   0  0  0  0  0  0/0     0:00   0:00   0:00 
Jason Jaffray            0  0  0   0  0   4  0  0  4  0  0/0    18:54   2:38   1:21 
Joe Morrow               1  1  2   1  0   3  0  2  2  4  0/0    23:28   2:13   2:34 
Justin Falk              0  0  0   1  0   1  0  1  0  0  0/0     7:18   0:00   0:00 
Kevin Bieksa             0  1  1   1  0   1  2  2  5  2  0/0    28:55   2:13   2:34 
Luke Gazdic              1  3  4   2  0   2  0  0  10 1  0/0    20:40   2:14   0:06 
Matej Stransky           1  0  1   1  0   4  1  2  0  0  0/0    11:46   0:00   0:00 
Nathan Paetsch           0  1  1   1  0   1  1  3  0  1  0/0    23:12   2:39   1:29 
Taylor Doherty           0  0  0   1  2   0  3  2  0  0  0/0    14:03   0:00   0:00 
Taylor Peters            0  0  0   0  0   0  0  0  0  0  0/0     0:33   0:00   0:00 
Teuvo Teravainen         1  0  1   1  0   1  3  0  2  0  3/8    17:08   2:14   2:35 
Tom Kostopoulos          0  1  1   1  0   0  5  0  1  1  8/10   22:10   2:12   0:06 
Tyler Randell            0  0  0   1  0   0  1  0  0  0  1/2    10:10   0:56   0:00 

3 Stars

1 - Luke Gazdic (ONT)
2 - Troy Grosenick (ONT)
3 - Joe Morrow (ONT)

Power Play

Penguins - 1 on 3 Attempt(s) - 33.33%
Reign - 2 on 4 Attempt(s) - 50.00%

Penalty Kill

Penguins - 2 on 4 Attempt(s) - 50.00% - Score 0 goal in Penalty Kill
Reign - 2 on 3 Attempt(s) - 66.67% - Score 0 goal in Penalty Kill

Team Stat

Penguins - Hits : 19 - Faceoff Wins : 17 - Blocked Shots : 12 - Penalty Minutes : 8
Reign - Hits : 22 - Faceoff Wins : 24 - Blocked Shots : 16 - Penalty Minutes : 6

Official

Referees : Unknown
Linesman : Unknown

Game Notes

Martin Brodeur enters game at 5:45 of 2nd period

Finance

Level 1 -- Attendance: 1591 (79.55%) -- Ticket Income $47,730
Level 2 -- Attendance: 750 (75.00%) -- Ticket Income $9,000
Total Attendance: 2341 (78.03%)
Total Ticket Income: $56,730
Other Income: $27,798
Total Income: $84,528

Penguins

5 vs 5 Forward 
   Center                   Left Wing                Right Wing               Time % Phy DF OF 
 1 Ryan Spooner             FARMPLAYER2              Matt Mangene             35     1   2  2  
 2 Charles Sarault          Philippe Cornet          Trevor Parkes            30     1   2  2  
 3 Carson McMillan          Justin Vaive             Dustin Gazley            22     1   2  2  
 4 Ryan Olsen               Jason Gregoire           Garrett Meurs            13     1   2  2  

5 vs 5 Defense 
   Defense                  Defense                                           Time % Phy DF OF 
 1 Chris Butler             Xavier Ouellet                                    35     1   2  2  
 2 Danny Biega              Adam Clendening                                   30     1   2  2  
 3 Danny Biega              Drew Bagnall                                      22     1   2  2  
 4 Chris Butler             Xavier Ouellet                                    13     1   2  2  

PowerPlay Forward 
   Center                   Left Wing                Right Wing               Time % Phy DF OF 
 1 Ryan Spooner             FARMPLAYER2              Matt Mangene             60     1   2  2  
 2 Charles Sarault          Philippe Cornet          Trevor Parkes            40     1   2  2  

PowerPlay Defense
   Defense                  Defense                                           Time % Phy DF OF 
 1 Chris Butler             Xavier Ouellet                                    60     1   2  2  
 2 Danny Biega              Adam Clendening                                   40     1   2  2  

Penalty Kill 4 Players Forward 
   Center                   Wing                     Time % Phy DF OF 
 1 Ryan Spooner             FARMPLAYER2              60     1   2  2  
 2 Philippe Cornet          Justin Vaive             40     1   2  2  

Penalty Kill 4 Players Defense
   Defense                  Defense                  Time % Phy DF OF 
 1 Chris Butler             Xavier Ouellet           60     1   2  2  
 2 Danny Biega              Adam Clendening          40     1   2  2  

Penalty Kill - 3 Players Forward 
   Forward                                           Time % Phy DF OF 
 1 Ryan Spooner                                      60     1   2  2  
 2 FARMPLAYER2                                       40     1   2  2  

Penalty Kill - 3 Players Defense
   Defense                  Defense                  Time % Phy DF OF 
 1 Chris Butler             Xavier Ouellet           60     1   2  2  
 2 Danny Biega              Adam Clendening          40     1   2  2  

4 vs 4 Forward 
   Center                   Wing                     Time % Phy DF OF 
 1 Ryan Spooner             FARMPLAYER2              60     1   2  2  
 2 Philippe Cornet          Justin Vaive             40     1   2  2  

4 vs 4 Defense
   Defense                  Defense                  Time % Phy DF OF 
 1 Chris Butler             Xavier Ouellet           60     1   2  2  
 2 Drew Bagnall             Adam Clendening          40     1   2  2  

Last Minutes Offensive
   Center                   Left Wing                Right Wing               Defense                  Defense                  
   Ryan Spooner             FARMPLAYER2              Matt Mangene             Chris Butler             Xavier Ouellet           

Last Minutes Defensive
   Center                   Left Wing                Right Wing               Defense                  Defense                  
   Ryan Spooner             FARMPLAYER2              Matt Mangene             Chris Butler             Xavier Ouellet           

Goaltenders
Starting : FARM GOALIE14            
Backup : Martin Brodeur           

Extra Forwards
Normal : Dustin Gazley, Carson McMillan, Jason Gregoire - PP : Dustin Gazley, Carson McMillan - PK : Jason Gregoire
Extra Defensemen
Normal : Danny Biega, Drew Bagnall, Xavier Ouellet - PP : Danny Biega - PK : Drew Bagnall, Chris Butler
Penalty Shots
Ryan Spooner, FARMPLAYER2, Philippe Cornet, Justin Vaive, Matt Mangene

Reign

5 vs 5 Forward 
   Center                   Left Wing                Right Wing               Time % Phy DF OF 
 1 Teuvo Teravainen         Luke Gazdic              Brian McGrattan          35     1   2  2  
 2 Brett Olson              Jason Jaffray            Tom Kostopoulos          30     1   2  2  
 3 C.J. Stretch             Cody Beach               Brian McGrattan          22     1   2  2  
 4 Tom Kostopoulos          Luke Gazdic              Matej Stransky           13     1   2  2  

5 vs 5 Defense 
   Defense                  Defense                                           Time % Phy DF OF 
 1 Kevin Bieksa             Joe Morrow                                        35     1   2  2  
 2 Nathan Paetsch           Derek Forbort                                     30     1   2  2  
 3 Taylor Doherty           Kevin Bieksa                                      22     1   2  2  
 4 Kevin Bieksa             Joe Morrow                                        13     1   2  2  

PowerPlay Forward 
   Center                   Left Wing                Right Wing               Time % Phy DF OF 
 1 Brian McGrattan          Luke Gazdic              Teuvo Teravainen         60     1   2  2  
 2 Brett Olson              Jason Jaffray            Tom Kostopoulos          40     1   2  2  

PowerPlay Defense
   Defense                  Defense                                           Time % Phy DF OF 
 1 Kevin Bieksa             Joe Morrow                                        60     1   2  2  
 2 Nathan Paetsch           Derek Forbort                                     40     1   2  2  

Penalty Kill 4 Players Forward 
   Center                   Wing                     Time % Phy DF OF 
 1 Brian McGrattan          Teuvo Teravainen         60     1   2  2  
 2 Luke Gazdic              Tom Kostopoulos          40     1   2  2  

Penalty Kill 4 Players Defense
   Defense                  Defense                  Time % Phy DF OF 
 1 Kevin Bieksa             Joe Morrow               60     1   2  2  
 2 Nathan Paetsch           Derek Forbort            40     1   2  2  

Penalty Kill - 3 Players Forward 
   Forward                                           Time % Phy DF OF 
 1 Luke Gazdic                                       60     1   2  2  
 2 Tom Kostopoulos                                   40     1   2  2  

Penalty Kill - 3 Players Defense
   Defense                  Defense                  Time % Phy DF OF 
 1 Kevin Bieksa             Joe Morrow               60     1   2  2  
 2 Nathan Paetsch           Derek Forbort            40     1   2  2  

4 vs 4 Forward 
   Center                   Wing                     Time % Phy DF OF 
 1 Brian McGrattan          Jason Jaffray            60     1   2  2  
 2 Luke Gazdic              Tom Kostopoulos          40     1   2  2  

4 vs 4 Defense
   Defense                  Defense                  Time % Phy DF OF 
 1 Kevin Bieksa             Joe Morrow               60     1   2  2  
 2 Nathan Paetsch           Derek Forbort            40     1   2  2  

Last Minutes Offensive
   Center                   Left Wing                Right Wing               Defense                  Defense                  
   Teuvo Teravainen         Luke Gazdic              Tom Kostopoulos          Kevin Bieksa             Joe Morrow               

Last Minutes Defensive
   Center                   Left Wing                Right Wing               Defense                  Defense                  
   Teuvo Teravainen         Luke Gazdic              Tom Kostopoulos          Kevin Bieksa             Joe Morrow               

Goaltenders
Starting : Troy Grosenick           
Backup : Anthony Peters           

Extra Forwards
Normal : Tyler Randell, Luke Gazdic, Brian McGrattan - PP : Tyler Randell, Tom Kostopoulos - PK : Brian McGrattan
Extra Defensemen
Normal : Taylor Doherty, Kevin Bieksa, Nathan Paetsch - PP : Taylor Doherty - PK : Kevin Bieksa, Nathan Paetsch
Penalty Shots
Brett Olson, Tyler Randell, Luke Gazdic, Tom Kostopoulos, Brian McGrattan

% Time on Ice - Penguins

Lines # - Real PCT - Wanted PCT - Time Play
Normal Forward
1 - 29% - 35% - 14:40
2 - 27% - 30% - 13:52
3 - 23% - 22% - 11:30
4 - 22% - 13% - 11:03
Normal Defense
1 - 33% - 35% - 16:46
2 - 34% - 30% - 17:20
3 - 27% - 22% - 13:37
4 - 7% - 13% - 3:22
PP Forward
1 - 51% - 60% - 2:05
2 - 49% - 40% - 1:58
PP Defense
1 - 57% - 60% - 2:19
2 - 43% - 40% - 1:44
PK Forward
1 - 89% - 60% - 4:20
2 - 11% - 40% - 0:32
PK Defense
1 - 91% - 60% - 4:27
2 - 9% - 40% - 0:25
PK3 Forward
1 - 0% - 60%
2 - 0% - 40%
PK3 Defense
1 - 0% - 60%
2 - 0% - 40%
44 Forward
1 - 0% - 60%
2 - 0% - 40%
44 Defense
1 - 0% - 60%
2 - 0% - 40%
Last Minute Offensive  - 0:00
Last Minute Defensive  - 0:00
Total
Forward - 60:00
Defense - 60:00

% Time on Ice - Reign

Lines # - Real PCT - Wanted PCT - Time Play
Normal Forward
1 - 19% - 35% - 9:47
2 - 30% - 30% - 15:34
3 - 30% - 22% - 15:16
4 - 20% - 13% - 10:28
Normal Defense
1 - 31% - 35% - 15:43
2 - 37% - 30% - 19:04
3 - 26% - 22% - 13:20
4 - 6% - 13% - 2:58
PP Forward
1 - 46% - 60% - 2:14
2 - 54% - 40% - 2:38
PP Defense
1 - 46% - 60% - 2:13
2 - 54% - 40% - 2:39
PK Forward
1 - 98% - 60% - 3:57
2 - 2% - 40% - 0:06
PK Defense
1 - 63% - 60% - 2:34
2 - 37% - 40% - 1:29
PK3 Forward
1 - 0% - 60%
2 - 0% - 40%
PK3 Defense
1 - 0% - 60%
2 - 0% - 40%
44 Forward
1 - 0% - 60%
2 - 0% - 40%
44 Defense
1 - 0% - 60%
2 - 0% - 40%
Last Minute Offensive  - 0:00
Last Minute Defensive  - 0:00
Total
Forward - 60:00
Defense - 60:00

Play by Play

1st period


0:01 of 1st period - Teuvo Teravainen wins face-off versus Ryan Spooner in neutral zone.
0:14 of 1st period - FARMPLAYER2 is hit by Brian McGrattan and loses puck.
0:37 of 1st period - Snap shot by Joe Morrow.
0:37 of 1st period - Shot Misses the Net.
0:57 of 1st period - Philippe Cornet is hit by Tom Kostopoulos.
1:07 of 1st period - Slapshot by Danny Biega.
1:07 of 1st period - Shot Misses the Net.
1:09 of 1st period - Slapshot by Danny Biega.
1:09 of 1st period - Stopped by Troy Grosenick with a rebound.
1:11 of 1st period - Snap shot by Danny Biega.
1:11 of 1st period - Shot Misses the Net.
1:13 of 1st period - Slapshot by Drew Bagnall.
1:13 of 1st period - Deflect By Trevor Parkes.
1:13 of 1st period - Shot Misses the Net.
1:13 of 1st period - Puck is out of play.
1:14 of 1st period - Carson McMillan wins face-off versus C.J. Stretch in Reign zone.
1:25 of 1st period - Slapshot by Nathan Paetsch.
1:25 of 1st period - Deflect By C.J. Stretch.
1:25 of 1st period - Stopped by FARM GOALIE14 with a rebound.
1:27 of 1st period - Slapshot by Nathan Paetsch.
1:27 of 1st period - Stopped by FARM GOALIE14 with a rebound.
1:33 of 1st period - Slapshot by Danny Biega.
1:33 of 1st period - Shot Blocked by Nathan Paetsch.
1:59 of 1st period - Minor Penalty to Drew Bagnall for Interference.
2:00 of 1st period - Brett Olson wins face-off versus Ryan Spooner in Penguins zone.
2:51 of 1st period - Wrist shot by Luke Gazdic.
2:51 of 1st period - Deflect By Teuvo Teravainen.
2:51 of 1st period - Goal by Teuvo Teravainen - Penguins : 0 - Reign : 1.
2:52 of 1st period - Tom Kostopoulos wins face-off versus Charles Sarault in neutral zone.
3:23 of 1st period - Wrist shot by Luke Gazdic.
3:23 of 1st period - Shot Misses the Net.
3:33 of 1st period - Wrist shot by C.J. Stretch.
3:33 of 1st period - Shot Misses the Net.
3:57 of 1st period - Wrist shot by Cody Beach.
3:57 of 1st period - Goal by Cody Beach - Penguins : 0 - Reign : 2.
3:58 of 1st period - Tom Kostopoulos wins face-off versus Ryan Spooner in neutral zone.
4:27 of 1st period - Slapshot by Joe Morrow.
4:27 of 1st period - Stopped by FARM GOALIE14 with a rebound.
4:29 of 1st period - Slapshot by Kevin Bieksa.
4:29 of 1st period - Shot Blocked by Chris Butler.
4:41 of 1st period - Snap shot by Luke Gazdic.
4:41 of 1st period - Stopped by FARM GOALIE14 without a rebound.
4:42 of 1st period - Teuvo Teravainen wins face-off versus Ryan Olsen in Penguins zone.
4:59 of 1st period - Slapshot by Adam Clendening.
4:59 of 1st period - Shot Blocked by Derek Forbort.
5:13 of 1st period - Snap shot by Adam Clendening.
5:13 of 1st period - Shot Misses the Net.
5:22 of 1st period - Adam Clendening is hit by Teuvo Teravainen and loses puck.
5:39 of 1st period - Slapshot by Kevin Bieksa.
5:39 of 1st period - Deflect By Jason Jaffray.
5:39 of 1st period - Stopped by FARM GOALIE14 with a rebound.
5:41 of 1st period - Slapshot by Kevin Bieksa.
5:41 of 1st period - Stopped by FARM GOALIE14 with a rebound.
5:56 of 1st period - Icing by Jason Gregoire.
5:57 of 1st period - C.J. Stretch wins face-off versus Jason Gregoire in Penguins zone.
6:06 of 1st period - Slapshot by C.J. Stretch.
6:06 of 1st period - Stopped by FARM GOALIE14 with a rebound.
6:20 of 1st period - Slapshot by Chris Butler.
6:20 of 1st period - Shot Misses the Net.
6:26 of 1st period - Slapshot by Xavier Ouellet.
6:26 of 1st period - Shot Blocked by Kevin Bieksa.
6:28 of 1st period - Wrist shot by Justin Vaive.
6:28 of 1st period - Shot Misses the Net.
6:30 of 1st period - Snap shot by Justin Vaive.
6:30 of 1st period - Stopped by Troy Grosenick with a rebound.
6:32 of 1st period - Slapshot by Xavier Ouellet.
6:32 of 1st period - Stopped by Troy Grosenick without a rebound.
6:33 of 1st period - Brett Olson wins face-off versus Ryan Spooner in Reign zone.
6:33 of 1st period - Brett Olson is hit by Chris Butler.
7:15 of 1st period - Minor Penalty to Charles Sarault for Roughing.
7:16 of 1st period - Brian McGrattan wins face-off versus Ryan Spooner in Penguins zone.
7:17 of 1st period - Slapshot by Joe Morrow.
7:17 of 1st period - Deflect By Luke Gazdic.
7:17 of 1st period - Goal by Luke Gazdic - Penguins : 0 - Reign : 3.
7:18 of 1st period - Tom Kostopoulos wins face-off versus Charles Sarault in neutral zone.
7:30 of 1st period - Snap shot by Matej Stransky.
7:30 of 1st period - Stopped by FARM GOALIE14 with a rebound.
7:33 of 1st period - Icing by Chris Butler.
7:34 of 1st period - Tom Kostopoulos wins face-off versus Charles Sarault in Penguins zone.
8:55 of 1st period - Slapshot by Danny Biega.
8:55 of 1st period - Shot Misses the Net.
9:11 of 1st period - Derek Forbort is hit by Danny Biega and loses puck.
9:52 of 1st period - Jason Gregoire is hit by Taylor Doherty.
10:04 of 1st period - Slapshot by Danny Biega.
10:04 of 1st period - Shot Misses the Net.
10:06 of 1st period - Slapshot by Danny Biega.
10:06 of 1st period - Stopped by Troy Grosenick without a rebound.
10:07 of 1st period - C.J. Stretch wins face-off versus Carson McMillan in Reign zone.
10:30 of 1st period - Cody Beach is hit by Justin Vaive and loses puck.
10:45 of 1st period - Minor Penalty to Brian McGrattan for Tripping.
10:46 of 1st period - Matt Mangene wins face-off versus C.J. Stretch in Reign zone.
10:48 of 1st period - Snap shot by FARMPLAYER2.
10:48 of 1st period - Stopped by Troy Grosenick with a rebound.
10:50 of 1st period - Wrist shot by Ryan Spooner.
10:50 of 1st period - Goal by Ryan Spooner - Penguins : 1 - Reign : 3.
10:51 of 1st period - Ryan Spooner wins face-off versus Tom Kostopoulos in neutral zone.
11:08 of 1st period - Snap shot by Xavier Ouellet.
11:08 of 1st period - Shot Misses the Net.
11:42 of 1st period - Slapshot by Joe Morrow.
11:42 of 1st period - Stopped by FARM GOALIE14 with a rebound.
11:50 of 1st period - Kevin Bieksa is hit by Philippe Cornet and loses puck.
11:55 of 1st period - Slapshot by Danny Biega.
11:55 of 1st period - Stopped by Troy Grosenick with a rebound.
12:20 of 1st period - Off-side.
12:21 of 1st period - Tom Kostopoulos wins face-off versus Carson McMillan in neutral zone.
13:07 of 1st period - Chris Butler is hit by Tyler Randell and loses puck.
13:17 of 1st period - Slapshot by Derek Forbort.
13:17 of 1st period - Stopped by FARM GOALIE14 with a rebound.
13:19 of 1st period - Wrist shot by Derek Forbort.
13:19 of 1st period - Deflect By Xavier Ouellet.
13:19 of 1st period - Stopped by FARM GOALIE14 with a rebound.
14:04 of 1st period - Wrist shot by FARMPLAYER2.
14:04 of 1st period - Shot Misses the Net.
14:06 of 1st period - Wrist shot by Ryan Spooner.
14:06 of 1st period - Stopped by Troy Grosenick with a rebound.
14:08 of 1st period - Slapshot by Danny Biega.
14:08 of 1st period - Shot Misses the Net.
14:10 of 1st period - Slapshot by Danny Biega.
14:10 of 1st period - Shot Misses the Net.
14:12 of 1st period - Slapshot by Drew Bagnall.
14:12 of 1st period - Shot Blocked by Brian McGrattan.
15:18 of 1st period - Carson McMillan is hit by Kevin Bieksa and loses puck.
15:31 of 1st period - Snap shot by Adam Clendening.
15:31 of 1st period - Shot Blocked by Joe Morrow.
15:35 of 1st period - Slapshot by Adam Clendening.
15:35 of 1st period - Shot Blocked by Joe Morrow.
15:37 of 1st period - Slapshot by Drew Bagnall.
15:37 of 1st period - Deflect By Justin Vaive.
15:37 of 1st period - Deflect By Kevin Bieksa.
15:37 of 1st period - Shot Misses the Net.
15:37 of 1st period - Puck is out of play.
15:38 of 1st period - Ryan Spooner wins face-off versus Teuvo Teravainen in Reign zone.
15:45 of 1st period - Slapshot by Adam Clendening.
15:45 of 1st period - Stopped by Troy Grosenick with a rebound.
15:47 of 1st period - Slapshot by Adam Clendening.
15:47 of 1st period - Stopped by Troy Grosenick with a rebound.
15:53 of 1st period - Snap shot by Ryan Spooner.
15:53 of 1st period - Shot Blocked by Derek Forbort.
15:55 of 1st period - Slapshot by Adam Clendening.
15:55 of 1st period - Shot Blocked by Nathan Paetsch.
16:26 of 1st period - Kevin Bieksa is hit by Ryan Olsen and loses puck.
17:06 of 1st period - Slapshot by Danny Biega.
17:06 of 1st period - Shot Misses the Net.
17:08 of 1st period - Slapshot by Adam Clendening.
17:08 of 1st period - Deflect By Kevin Bieksa.
17:08 of 1st period - Stopped by Troy Grosenick with a rebound.
17:13 of 1st period - Backhand shot by Carson McMillan.
17:13 of 1st period - Shot Misses the Net.
17:15 of 1st period - Snap shot by Justin Vaive.
17:15 of 1st period - Stopped by Troy Grosenick without a rebound.
17:16 of 1st period - Brett Olson wins face-off versus Carson McMillan in Reign zone.
17:29 of 1st period - Nathan Paetsch is hit by Danny Biega.
17:41 of 1st period - Snap shot by Justin Vaive.
17:41 of 1st period - Shot Misses the Net.
17:47 of 1st period - Danny Biega is hit by Cody Beach and loses puck.
18:14 of 1st period - Wrist shot by Xavier Ouellet.
18:14 of 1st period - Shot Misses the Net.
18:16 of 1st period - Slapshot by Chris Butler.
18:16 of 1st period - Stopped by Troy Grosenick with a rebound.
18:22 of 1st period - Slapshot by Adam Clendening.
18:22 of 1st period - Stopped by Troy Grosenick with a rebound.
18:24 of 1st period - Slapshot by Danny Biega.
18:24 of 1st period - Shot Blocked by Taylor Doherty.
18:26 of 1st period - Slapshot by Adam Clendening.
18:26 of 1st period - Shot Blocked by Justin Falk.
18:56 of 1st period - Off-side.
18:57 of 1st period - Ryan Spooner wins face-off versus Brian McGrattan in neutral zone.
19:49 of 1st period - Slapshot by Adam Clendening.
19:49 of 1st period - Deflect By Joe Morrow.
19:49 of 1st period - Stopped by Troy Grosenick without a rebound.
19:50 of 1st period - Charles Sarault wins face-off versus Brett Olson in Reign zone.
Goals for this period are 1 for Penguins vs 3 for Reign.
Shots for this period are 15 for Penguins vs 14 for Reign.

2nd period


0:01 of 2nd period - Ryan Spooner wins face-off versus Teuvo Teravainen in neutral zone.
0:06 of 2nd period - Joe Morrow is hit by FARMPLAYER2 and loses puck.
0:18 of 2nd period - Snap shot by Luke Gazdic.
0:18 of 2nd period - Shot Blocked by Chris Butler.
0:23 of 2nd period - Minor Penalty to Chris Butler for Hooking.
0:24 of 2nd period - Brett Olson wins face-off versus Ryan Spooner in Penguins zone.
0:57 of 2nd period - Wrist shot by Joe Morrow.
0:57 of 2nd period - Shot Blocked by FARMPLAYER2.
1:15 of 2nd period - Luke Gazdic is hit by Drew Bagnall and loses puck.
1:42 of 2nd period - Snap shot by Luke Gazdic.
1:42 of 2nd period - Shot Blocked by Xavier Ouellet.
2:23 of 2nd period - Penalty to Chris Butler is over, Chris Butler is back on ice.
2:23 of 2nd period - Slapshot by Adam Clendening.
2:23 of 2nd period - Shot Misses the Net.
3:06 of 2nd period - Adam Clendening is hit by Taylor Doherty and loses puck.
3:09 of 2nd period - Minor Penalty to Taylor Doherty for Holding.
3:10 of 2nd period - Charles Sarault wins face-off versus Brian McGrattan in Reign zone.
3:13 of 2nd period - Wrist shot by Xavier Ouellet.
3:13 of 2nd period - Shot Blocked by Nathan Paetsch.
3:21 of 2nd period - Slapshot by Xavier Ouellet.
3:21 of 2nd period - Stopped by Troy Grosenick with a rebound.
3:23 of 2nd period - Backhand shot by Philippe Cornet.
3:23 of 2nd period - Shot Misses the Net.
3:25 of 2nd period - Slapshot by Chris Butler.
3:25 of 2nd period - Shot Misses the Net.
3:27 of 2nd period - Wrist shot by Charles Sarault.
3:27 of 2nd period - Shot Misses the Net.
3:29 of 2nd period - Backhand shot by Chris Butler.
3:29 of 2nd period - Shot Misses the Net.
3:31 of 2nd period - Slapshot by Xavier Ouellet.
3:31 of 2nd period - Deflect By Nathan Paetsch.
3:31 of 2nd period - Stopped by Troy Grosenick with a rebound.
4:31 of 2nd period - Matt Mangene is hit by Nathan Paetsch and loses puck.
5:09 of 2nd period - Penalty to Taylor Doherty is over, Taylor Doherty is back on ice.
5:16 of 2nd period - Kevin Bieksa is hit by Danny Biega and loses puck.
5:23 of 2nd period - Snap shot by Brett Olson.
5:23 of 2nd period - Stopped by FARM GOALIE14 without a rebound.
5:24 of 2nd period - Tom Kostopoulos wins face-off versus Dustin Gazley in Penguins zone.
5:33 of 2nd period - Slapshot by Luke Gazdic.
5:33 of 2nd period - Shot Blocked by Danny Biega.
5:35 of 2nd period - Snap shot by Matej Stransky.
5:35 of 2nd period - Stopped by FARM GOALIE14 with a rebound.
5:37 of 2nd period - Snap shot by Luke Gazdic.
5:37 of 2nd period - Deflect By Matej Stransky.
5:37 of 2nd period - Stopped by FARM GOALIE14 with a rebound.
5:39 of 2nd period - Slapshot by Luke Gazdic.
5:39 of 2nd period - Deflect By Tom Kostopoulos.
5:39 of 2nd period - Shot Misses the Net.
5:39 of 2nd period - Puck is out of play.
5:40 of 2nd period - Tom Kostopoulos wins face-off versus Ryan Olsen in Penguins zone.
5:45 of 2nd period - Slapshot by Matej Stransky.
5:45 of 2nd period - Goal by Matej Stransky - Penguins : 1 - Reign : 4.
5:45 of 2nd period - Martin Brodeur enters game.
5:46 of 2nd period - Carson McMillan wins face-off versus Tom Kostopoulos in neutral zone.
7:30 of 2nd period - Slapshot by Chris Butler.
7:30 of 2nd period - Shot Blocked by Kevin Bieksa.
7:32 of 2nd period - Slapshot by Chris Butler.
7:32 of 2nd period - Stopped by Troy Grosenick with a rebound.
7:34 of 2nd period - Slapshot by Xavier Ouellet.
7:34 of 2nd period - Shot Misses the Net.
7:36 of 2nd period - Slapshot by Xavier Ouellet.
7:36 of 2nd period - Stopped by Troy Grosenick with a rebound.
7:44 of 2nd period - Slapshot by Adam Clendening.
7:44 of 2nd period - Stopped by Troy Grosenick without a rebound.
7:45 of 2nd period - Teuvo Teravainen wins face-off versus Ryan Spooner in Reign zone.
7:52 of 2nd period - Slapshot by Derek Forbort.
7:52 of 2nd period - Stopped by Martin Brodeur with a rebound.
8:20 of 2nd period - Wrist shot by Ryan Spooner.
8:20 of 2nd period - Shot Misses the Net.
8:44 of 2nd period - Snap shot by Dustin Gazley.
8:44 of 2nd period - Stopped by Troy Grosenick with a rebound.
9:18 of 2nd period - Snap shot by Xavier Ouellet.
9:18 of 2nd period - Stopped by Troy Grosenick with a rebound.
9:20 of 2nd period - Snap shot by Chris Butler.
9:20 of 2nd period - Shot Blocked by Taylor Doherty.
9:22 of 2nd period - Slapshot by Chris Butler.
9:22 of 2nd period - Shot Misses the Net.
9:24 of 2nd period - Slapshot by Chris Butler.
9:24 of 2nd period - Shot Misses the Net.
9:26 of 2nd period - Snap shot by Philippe Cornet.
9:26 of 2nd period - Stopped by Troy Grosenick without a rebound.
9:27 of 2nd period - Ryan Olsen wins face-off versus C.J. Stretch in Reign zone.
10:25 of 2nd period - Philippe Cornet is hit by Tom Kostopoulos.
11:08 of 2nd period - Slapshot by Ryan Spooner.
11:08 of 2nd period - Shot Blocked by Matej Stransky.
11:16 of 2nd period - Slapshot by FARMPLAYER2.
11:16 of 2nd period - Shot Blocked by Matej Stransky.
11:38 of 2nd period - Wrist shot by Dustin Gazley.
11:38 of 2nd period - Stopped by Troy Grosenick with a rebound.
12:23 of 2nd period - Snap shot by C.J. Stretch.
12:23 of 2nd period - Stopped by Martin Brodeur with a rebound.
12:25 of 2nd period - Wrist shot by Brian McGrattan.
12:25 of 2nd period - Shot Misses the Net.
12:27 of 2nd period - Snap shot by Derek Forbort.
12:27 of 2nd period - Stopped by Martin Brodeur with a rebound.
12:37 of 2nd period - Drew Bagnall is hit by Brett Olson and loses puck.
12:42 of 2nd period - Snap shot by Jason Jaffray.
12:42 of 2nd period - Shot Blocked by Drew Bagnall.
12:44 of 2nd period - Slapshot by Justin Falk.
12:44 of 2nd period - Shot Blocked by Jason Gregoire.
13:14 of 2nd period - Slapshot by Xavier Ouellet.
13:14 of 2nd period - Deflect By Justin Falk.
13:14 of 2nd period - Stopped by Troy Grosenick without a rebound.
13:15 of 2nd period - Charles Sarault wins face-off versus Teuvo Teravainen in Reign zone.
13:40 of 2nd period - Xavier Ouellet is hit by Brian McGrattan and loses puck.
14:03 of 2nd period - Snap shot by Jason Jaffray.
14:03 of 2nd period - Stopped by Martin Brodeur with a rebound.
14:22 of 2nd period - Slapshot by Jason Jaffray.
14:22 of 2nd period - Shot Misses the Net.
14:24 of 2nd period - Snap shot by Taylor Doherty.
14:24 of 2nd period - Shot Blocked by Adam Clendening.
14:26 of 2nd period - Snap shot by Jason Jaffray.
14:26 of 2nd period - Shot Blocked by Charles Sarault.
14:28 of 2nd period - Slapshot by Kevin Bieksa.
14:28 of 2nd period - Shot Misses the Net.
14:59 of 2nd period - Ryan Spooner is hit by Kevin Bieksa and loses puck.
15:05 of 2nd period - Off-side.
15:06 of 2nd period - Ryan Spooner wins face-off versus Brett Olson in neutral zone.
15:15 of 2nd period - Snap shot by FARMPLAYER2.
15:15 of 2nd period - Stopped by Troy Grosenick with a rebound.
15:17 of 2nd period - Slapshot by Chris Butler.
15:17 of 2nd period - Stopped by Troy Grosenick with a rebound.
15:19 of 2nd period - Slapshot by Chris Butler.
15:19 of 2nd period - Stopped by Troy Grosenick with a rebound.
15:27 of 2nd period - Snap shot by FARMPLAYER2.
15:27 of 2nd period - Stopped by Troy Grosenick with a rebound.
15:29 of 2nd period - Slapshot by Chris Butler.
15:29 of 2nd period - Deflect By FARMPLAYER2.
15:29 of 2nd period - Shot Misses the Net.
15:29 of 2nd period - Puck is out of play.
15:30 of 2nd period - Carson McMillan wins face-off versus C.J. Stretch in Reign zone.
15:33 of 2nd period - Snap shot by Xavier Ouellet.
15:33 of 2nd period - Shot Hit the Post.
15:35 of 2nd period - Slapshot by Carson McMillan.
15:35 of 2nd period - Stopped by Troy Grosenick without a rebound.
15:36 of 2nd period - C.J. Stretch wins face-off versus Carson McMillan in Reign zone.
15:36 of 2nd period - C.J. Stretch is hit by Chris Butler.
15:39 of 2nd period - Minor Penalty to Cody Beach for Unsportsmanlike conduct.
15:40 of 2nd period - Ryan Spooner wins face-off versus Teuvo Teravainen in Reign zone.
16:01 of 2nd period - Joe Morrow is hit by FARMPLAYER2 and loses puck.
17:10 of 2nd period - Joe Morrow is hit by Philippe Cornet and loses puck.
17:39 of 2nd period - Penalty to Cody Beach is over, Cody Beach is back on ice.
17:45 of 2nd period - Derek Forbort is hit by Xavier Ouellet and loses puck.
19:21 of 2nd period - Wrist shot by Jason Gregoire.
19:21 of 2nd period - Shot Misses the Net.
19:23 of 2nd period - Slapshot by Ryan Olsen.
19:23 of 2nd period - Shot Misses the Net.
19:54 of 2nd period - Danny Biega is hit by Derek Forbort.
Goals for this period are 0 for Penguins vs 1 for Reign.
Shots for this period are 15 for Penguins vs 8 for Reign.

3rd period


0:01 of 3rd period - Ryan Spooner wins face-off versus Teuvo Teravainen in neutral zone.
0:50 of 3rd period - Slapshot by Adam Clendening.
0:50 of 3rd period - Stopped by Troy Grosenick with a rebound.
1:24 of 3rd period - Snap shot by Jason Jaffray.
1:24 of 3rd period - Stopped by Martin Brodeur with a rebound.
1:34 of 3rd period - Snap shot by Jason Jaffray.
1:34 of 3rd period - Shot Misses the Net.
1:55 of 3rd period - Chris Butler is hit by C.J. Stretch.
2:17 of 3rd period - Slapshot by Danny Biega.
2:17 of 3rd period - Stopped by Troy Grosenick without a rebound.
2:18 of 3rd period - Tom Kostopoulos wins face-off versus Ryan Spooner in Reign zone.
2:24 of 3rd period - Slapshot by Xavier Ouellet.
2:24 of 3rd period - Stopped by Troy Grosenick with a rebound.
2:36 of 3rd period - Slapshot by FARMPLAYER2.
2:36 of 3rd period - Stopped by Troy Grosenick without a rebound.
2:37 of 3rd period - Cody Beach wins face-off versus Ryan Spooner in Reign zone.
2:37 of 3rd period - Cody Beach is hit by FARMPLAYER2.
3:21 of 3rd period - Slapshot by Danny Biega.
3:21 of 3rd period - Stopped by Troy Grosenick with a rebound.
3:23 of 3rd period - Snap shot by Danny Biega.
3:23 of 3rd period - Shot Blocked by C.J. Stretch.
3:31 of 3rd period - Slapshot by Adam Clendening.
3:31 of 3rd period - Stopped by Troy Grosenick with a rebound.
4:10 of 3rd period - Dustin Gazley is hit by Tom Kostopoulos and loses puck.
4:44 of 3rd period - Danny Biega is hit by Matej Stransky and loses puck.
4:57 of 3rd period - Minor Penalty to Drew Bagnall for Holding.
4:58 of 3rd period - Tyler Randell wins face-off versus Ryan Spooner in Penguins zone.
5:42 of 3rd period - Snap shot by Chris Butler.
5:42 of 3rd period - Stopped by Troy Grosenick with a rebound.
6:04 of 3rd period - Snap shot by Luke Gazdic.
6:04 of 3rd period - Shot Misses the Net.
6:33 of 3rd period - Snap shot by Joe Morrow.
6:33 of 3rd period - Deflect By Jason Jaffray.
6:33 of 3rd period - Shot Misses the Net.
6:33 of 3rd period - Puck is out of play.
6:34 of 3rd period - Brett Olson wins face-off versus Jason Gregoire in Penguins zone.
6:37 of 3rd period - Wrist shot by Jason Jaffray.
6:37 of 3rd period - Shot Misses the Net.
6:51 of 3rd period - Slapshot by Danny Biega.
6:51 of 3rd period - Stopped by Troy Grosenick with a rebound.
6:57 of 3rd period - Penalty to Drew Bagnall is over, Drew Bagnall is back on ice.
6:57 of 3rd period - Danny Biega is hit by Teuvo Teravainen and loses puck.
7:12 of 3rd period - Snap shot by C.J. Stretch.
7:12 of 3rd period - Stopped by Martin Brodeur with a rebound.
7:14 of 3rd period - Slapshot by C.J. Stretch.
7:14 of 3rd period - Shot Misses the Net.
7:26 of 3rd period - Slapshot by Justin Falk.
7:26 of 3rd period - Shot Misses the Net.
7:28 of 3rd period - Slapshot by Justin Falk.
7:28 of 3rd period - Stopped by Martin Brodeur with a rebound.
7:55 of 3rd period - Snap shot by Brett Olson.
7:55 of 3rd period - Shot Blocked by Xavier Ouellet.
8:17 of 3rd period - Wrist shot by C.J. Stretch.
8:17 of 3rd period - Stopped by Martin Brodeur with a rebound.
9:04 of 3rd period - Kevin Bieksa is hit by Justin Vaive and loses puck.
9:31 of 3rd period - Brian McGrattan is hit by Danny Biega and loses puck.
9:44 of 3rd period - Jason Gregoire is hit by Tom Kostopoulos and loses puck.
10:30 of 3rd period - Justin Falk is hit by Dustin Gazley and loses puck.
10:41 of 3rd period - Snap shot by Jason Jaffray.
10:41 of 3rd period - Deflect By Brett Olson.
10:41 of 3rd period - Shot Misses the Net.
10:41 of 3rd period - Puck is out of play.
10:42 of 3rd period - Brett Olson wins face-off versus Carson McMillan in Penguins zone.
10:53 of 3rd period - Derek Forbort is hit by Danny Biega and loses puck.
12:11 of 3rd period - Slapshot by Joe Morrow.
12:11 of 3rd period - Shot Blocked by Drew Bagnall.
12:36 of 3rd period - Wrist shot by Jason Jaffray.
12:36 of 3rd period - Stopped by Martin Brodeur without a rebound.
12:37 of 3rd period - Brett Olson wins face-off versus Justin Vaive in Penguins zone.
13:01 of 3rd period - Snap shot by Jason Jaffray.
13:01 of 3rd period - Shot Misses the Net.
16:04 of 3rd period - Chris Butler is hit by Teuvo Teravainen and loses puck.
16:57 of 3rd period - Wrist shot by FARMPLAYER2.
16:57 of 3rd period - Stopped by Troy Grosenick with a rebound.
17:26 of 3rd period - Adam Clendening is hit by Tom Kostopoulos and loses puck.
17:37 of 3rd period - Justin Vaive is hit by Taylor Doherty and loses puck.
17:54 of 3rd period - Slapshot by Joe Morrow.
17:54 of 3rd period - Goal by Joe Morrow - Penguins : 1 - Reign : 5.
17:55 of 3rd period - Charles Sarault wins face-off versus C.J. Stretch in neutral zone.
18:04 of 3rd period - Slapshot by Adam Clendening.
18:04 of 3rd period - Deflect By Trevor Parkes.
18:04 of 3rd period - Stopped by Troy Grosenick with a rebound.
18:47 of 3rd period - Brian McGrattan is hit by Adam Clendening and loses puck.
19:40 of 3rd period - Slapshot by Kevin Bieksa.
19:40 of 3rd period - Deflect By Luke Gazdic.
19:40 of 3rd period - Shot Blocked by FARM PLAYER30.
19:40 of 3rd period - Puck is out of play.
19:41 of 3rd period - Carson McMillan wins face-off versus Tyler Randell in Penguins zone.
Goals for this period are 0 for Penguins vs 1 for Reign.
Shots for this period are 10 for Penguins vs 6 for Reign.